 Dungeon Crawl Stone Soup version 0.30-a0-359-gd0147acb1a (webtiles) character file.

Game seed: 9925691690479116885

488 sleeves the Slasher (level 6, -1/47 HPs)
             Began as a Demonspawn Monk on Nov 11, 2022.
             Constricted to death by Pikel (8 damage)
             ... on level 4 of the Dungeon.
             The game lasted 00:04:49 (3897 turns).

sleeves the Slasher (Demonspawn Monk)               Turns: 3897, Time: 00:04:50

Health: -1/47      AC: 16    Str: 12    XL:     6   Next: 90%
Magic:  6/6        EV:  8    Int: 11    God:
Gold:   199        SH:  4    Dex: 17    Spells: 5/5 levels left

rFire   . . .      SeeInvis .    a - +0 falchion
rCold   . . .      Faith    .    (no shield)
rNeg    . . .      Spirit   .    v - +0 ring mail
rPois   +          Reflect  .    w - +2 helmet
rElec   .          Harm     .    (no cloak)
rCorr   .          Rampage  .    (no gloves)
Will    .....                    (no boots)
Stlth   +.........               (no amulet)
HPRegen 0.27/turn                m - ring of poison resistance
MPRegen 0.10/turn                (no ring)

@: grasped by roots, constricted
A: icemail 2, condensation shield
a: no special abilities


You were on level 4 of the Dungeon.
You visited 1 branch of the dungeon, and saw 4 of its levels.

You collected 199 gold pieces.

Inventory:

Hand Weapons
 a - a +0 falchion (weapon)
Missiles
 o - 19 poisoned darts (quivered)
Armour
 v - a +0 ring mail (worn)
   (You found it on level 1 of the Dungeon)
 w - a +2 helmet (worn)
   (You took it off Robin on level 4 of the Dungeon)
Jewellery
 m - a ring of poison resistance (left hand)
   (You found it on level 3 of the Dungeon)
Scrolls
 b - 2 scrolls of poison {unknown}
 c - a scroll of noise {unknown}
 e - 2 scrolls of butterflies {unknown}
 f - a scroll of enchant armour {unknown}
 h - 6 scrolls of identify {unknown}
 k - a scroll of fear {unknown}
 l - 2 scrolls of vulnerability {unknown}
 n - 2 scrolls of teleportation {unknown}
 s - a scroll of torment {unknown}
 t - a scroll of magic mapping {unknown}
Potions
 d - 4 potions of curing {unknown}
 g - a potion of flight {unknown}
 i - a potion of heal wounds {unknown}
 p - a potion of attraction {unknown}
 q - a potion of berserk rage {unknown}
 r - a potion of mutation {unknown}
 u - 3 potions of haste {unknown}


   Skills:
 - Level 3.0 Fighting
 + Level 7.2 Long Blades
 - Level 2.6 Dodging
 - Level 1.7 Stealth


You had 5 spell levels left.
You didn't know any spells.
Your spell library contained the following spells:

 Spells                   Type           Power      Damage    Failure   Level
 Summon Forest            Summ/Tloc      0%         N/A       100%        5
 Eringya's Noxious Bog    Tmut/Pois      0%         N/A       100%        6
 Summon Hydra             Summ           0%         N/A       100%        7


Dungeon Overview and Level Annotations

Branches:
Dungeon (4/15)
 Temple: D:4-7

Altars:
Fedhas
Ru

Shops:
D:1 *

Annotations:
D:3 exclusion: goblin, Terence
D:4 Pikel


Innate Abilities, Weirdness & Mutations

A meltable icy envelope protects you from harm. (AC +8)
A meltable shield of frost defends you. (SH +4)


Message History

The jackal is almost dead.
You block the jackal's attack.
The jackal bites you but does no damage.
You hit the jackal but do no damage.
The jackal is almost dead.
You block the jackal's attack.
You barely miss the jackal.
The jackal is almost dead.
You block the jackal's attack. The jackal completely misses you.
You completely miss the jackal.
The jackal is almost dead.
The jackal bites you but does no damage.
You closely miss the jackal.
The jackal is almost dead.
The jackal completely misses you. The jackal barely misses you.
You slash the jackal!
You kill the jackal!
You block the jackal's attack.
You hit the jackal.
The jackal is lightly wounded.
The jackal barely misses you.
You hit the jackal but do no damage.
The jackal is lightly wounded.
The jackal barely misses you. The jackal closely misses you.
You barely miss the jackal.
The jackal is lightly wounded.
The jackal bites you but does no damage.
You slash the jackal!
You kill the jackal!
Your Long Blades skill increases to level 5!
You miss the jackal. The jackal closely misses you. The jackal misses you.
You hit the jackal.
You kill the jackal!
No target in view!
No target in view!
No target in view!
No target in view!
No target in view!
No target in view!
No target in view!
No target in view!
No target in view!
No target in view!
No target in view!
No target in view!
No target in view!
HP restored.
Things that are here:
a jackal corpse; a jackal corpse
t - a scroll labelled WOBUM YSUMU
u - 2 fuming clear potions A scorpion comes into view.
Things that are here:
a jackal corpse; a jackal corpse A scorpion is nearby!
A scorpion is nearby!
A scorpion is nearby!
You see here a jackal corpse.
You barely miss the scorpion. The scorpion stings you.
You are poisoned.
The scorpion poisons you!
You hit the scorpion.
The scorpion is lightly wounded.
You feel very sick. The scorpion misses you. The scorpion barely misses you.
You hit the scorpion.
The scorpion is moderately wounded.
You feel very sick. The scorpion stings you.
You barely miss the scorpion. Your punch misses the scorpion.
The scorpion is moderately wounded.
You feel sick. The scorpion closely misses you.
You are too injured to fight recklessly!
You are too injured to fight recklessly!
You are too injured to fight recklessly!
You are too injured to fight recklessly!
You are too injured to fight recklessly!
You are too injured to fight recklessly!
You are too injured to fight recklessly!
You are too injured to fight recklessly!
You are too injured to fight recklessly!
You are too injured to fight recklessly!
You are too injured to fight recklessly!
You are too injured to fight recklessly!
You are too injured to fight recklessly!
You are too injured to fight recklessly!
You are too injured to fight recklessly!
You are too injured to fight recklessly!
You are too injured to fight recklessly!
You are too injured to fight recklessly!
You hit the scorpion.
The scorpion is heavily wounded.
You feel sick. The scorpion stings you. The scorpion barely misses you.
You hit the scorpion.
The scorpion is almost dead.
You feel sick. You block the scorpion's attack.
You hit the scorpion.
You kill the scorpion!
You feel sick.
You have reached level 5!
Your demonic ancestry asserts itself...
Your icy envelope grows thicker.
You feel sick.
You feel sick.
You feel sick.
You are no longer poisoned.
You see here a +0 whip.
u - 3 fuming clear potions (gained 1)
h - 6 scrolls labelled VAKLAI BIMETWIO (gained 1) Key pressed, stopping explore.
A kobold comes into view. It is wielding a +0 dagger.
A kobold is nearby!
A kobold is nearby!
An orc priest and an orc wizard come into view.
The kobold hits you but does no damage.
You barely miss the kobold.
The orc priest shouts!
The kobold misses you.
You hit the kobold.
The kobold is moderately wounded.
The kobold hits you but does no damage.
An orc comes into view. It is wielding a +0 club.
You barely miss the kobold.
The kobold is moderately wounded.
You block the kobold's attack.
You hit the kobold.
You kill the kobold!
You closely miss the orc wizard. The orc wizard barely misses you.
You hit the orc wizard.
The orc wizard is lightly wounded.
The orc wizard hits you but does no damage.
You slash the orc wizard!
The orc wizard is heavily wounded.
The orc wizard gestures at you while chanting.
The puff of flame misses you.
You hit the orc wizard.
The orc wizard is severely wounded.
The orc wizard completely misses you.
The orc priest calls down the wrath of Beogh upon you.
Beogh smites you!
You are too injured to fight recklessly!
You are too injured to fight recklessly!
You are too injured to fight recklessly!
You are too injured to fight recklessly!
You are too injured to fight recklessly!
You are too injured to fight recklessly!
You are too injured to fight recklessly!
You are too injured to fight recklessly!
You are too injured to fight recklessly!
You are too injured to fight recklessly!
You are too injured to fight recklessly!
You are too injured to fight recklessly!
You are too injured to fight recklessly!
You are too injured to fight recklessly!
You are too injured to fight recklessly!
You are too injured to fight recklessly!
You are too injured to fight recklessly!
You are confused.
You feel invigorated. The orc wizard barely misses you.
The orc priest calls upon Beogh to heal the orc wizard.
The orc wizard is healed somewhat.
You miss the orc wizard.
The orc wizard is heavily wounded.
The orc wizard hits you with a +0 dagger.
You hit the orc wizard.
The orc wizard is severely wounded.
The orc wizard casts a spell.
The orc wizard flickers and vanishes!
Deactivating autopickup; reactivate with Ctrl-A.
Something hits you but does no damage.
The orc priest casts a cantrip, but nothing happens.
You barely miss something.
You hear some strange, mumbled words.
Something tries to affect you, but you resist.
The orc priest casts a cantrip, but nothing happens.
You miss something.
You bump into the rock wall.
Something hits you.
You closely miss the orc. The orc closely misses you.
Something barely misses you.
You're too confused to move!
The orc hits you with a +0 club. Something hits you.
You hit the orc but do no damage.
You feel less invigorated.
You feel less confused. The orc hits you but does no damage.
You block something's attack.
You closely miss the orc. The orc closely misses you. Something hits you.
The orc priest looks encouraged for a moment.
You hit the orc but do no damage. The orc hits you but does no damage.
Something hits you but does no damage.
You hit the orc.
The orc is almost dead.
Something hits you. The orc closely misses you.
You barely miss the orc.
The orc is almost dead.
You hear some strange, mumbled words.
A puff of flame appears from out of thin air!
You block the puff of flame. The orc closely misses you.
The orc priest invokes the aid of Beogh against you.
Beogh smites you!
You hit the orc.
You kill the orc!
You block something's attack.
You barely miss the orc priest. Something hits you.
You block the orc priest's attack.
You barely miss the orc priest. Something hits you but does no damage.
The orc priest misses you.
You hit the orc priest.
The orc priest is heavily wounded.
Something hits you but does no damage.
The orc priest calls down the wrath of Beogh upon you.
Pain shoots through your body!
You hit the orc priest but do no damage.
The orc priest is heavily wounded.
Something hits you but does no damage. The orc priest closely misses you.
You barely miss the orc priest.
The orc priest is heavily wounded.
You hear some strange, mumbled words.
Something tries to affect you, but you resist.
The orc priest closely misses you.
You barely miss the orc priest.
The orc priest is heavily wounded.
Something hits you but does no damage.
The orc priest miscasts a cantrip.
You barely miss the orc priest.
The orc priest is heavily wounded.
You block something's attack.
The orc priest hits you but does no damage.
You hit the orc priest.
The orc priest is severely wounded.
Something hits you but does no damage.
The orc priest calls down the wrath of Beogh upon you.
Pain shoots through your body!
* * * LOW HITPOINT WARNING * * *
Something hits you.
* * * LOW HITPOINT WARNING * * *
The orc priest looks encouraged for a moment.
You hit the orc priest but do no damage.
The orc priest is severely wounded.
Something hits you but does no damage.
The orc priest hits you but does no damage.
You slash the orc priest!
You kill the orc priest!
Something hits you but does no damage. Something hits you but does no damage.
Items here: )) [ ††.
Something hits you but does no damage.
You see here a +0 dagger.
An orc wizard appears from thin air!
Reactivating autopickup.
You closely miss the orc wizard.
The orc wizard is heavily wounded.
The orc wizard hits you but does no damage.
You hit the orc wizard.
The orc wizard is severely wounded.
The orc wizard hits you but does no damage.
You barely miss the orc wizard.
The orc wizard is severely wounded.
The orc wizard hits you but does no damage.
You barely miss the orc wizard.
The orc wizard is severely wounded.
The orc wizard gestures at you while chanting.
You are confused.
You hit the orc wizard.
The orc wizard is severely wounded.
The orc wizard gestures at you while chanting.
You resist with some effort.
The orc wizard gestures at you while chanting.
You are more confused.
You bump into the rock wall.
The orc wizard hits you with a +0 dagger.
* * * LOW HITPOINT WARNING * * *
The orc wizard hits you with a +0 dagger.
* * * LOW HITPOINT WARNING * * *
You're too confused to move!
The orc wizard hits you but does no damage.
You bump into the rock wall.
The orc wizard mumbles some strange words.
The orc wizard flickers and vanishes!
Deactivating autopickup; reactivate with Ctrl-A.
You bump into the rock wall.
Something hits you but does no damage.
You're too confused to move!
Something hits you but does no damage. Something hits you.
* * * LOW HITPOINT WARNING * * *
You feel less confused. Something barely misses you.
Something hits you but does no damage.
You hit something.
You hear some strange, mumbled words.
A magic dart appears from out of thin air!
The magic dart hits you.
* * * LOW HITPOINT WARNING * * *
You barely miss something. Something barely misses you.
You slash something!
Reactivating autopickup.
You feel a bit more experienced.
Things that are here:
a +0 dagger; a +0 robe You see here a +0 dagger.
Items here: )) [ ††.
Items here: )) [ ††.
You see here a +0 dagger.
Found a flail.
A kobold comes into view. It is wielding a +0 dagger.
The kobold shouts!
The kobold hits you with a +0 dagger.
You hit the kobold.
You kill the kobold!
No target in view!
No target in view!
No target in view!
No target in view!
No target in view!
No target in view!
No target in view!
No target in view!
No target in view!
Things that are here:
a +0 dagger; 4 stones; a +0 flail
c - a scroll labelled HETRUNA WONNO A scorpion comes into view.
A scorpion is nearby!
A scorpion is nearby!
The scorpion barely misses you.
You closely miss the scorpion. The scorpion stings you.
You hit the scorpion.
The scorpion is moderately wounded.
The scorpion stings you but does no damage.
You slash the scorpion!
The scorpion is severely wounded.
The scorpion stings you but does no damage. x2
You hit the scorpion.
The scorpion is almost dead.
The scorpion stings you.
You hit the scorpion.
You kill the scorpion!
Your Long Blades skill increases to level 6!
You have reached level 6!
Search for what [Enter for "alt", or ? for help]? armor
There is a stone staircase leading up here.
You climb upwards.
Level annotation: exclusion: goblin, Terence
There is a stone staircase leading down here.
HP restored.
There is an open door here.
There is a stone staircase leading up here.
You climb upwards.
You block the necrophage's attack. The necrophage hits you.
You feel drained.
There is a stone staircase leading down here.
You hit the necrophage but do no damage.
The necrophage closely misses you.
You closely miss the necrophage.
You punch the necrophage, but do no damage.
The necrophage hits you but does no damage.
You slash the necrophage!
The necrophage is heavily damaged.
The necrophage hits you but does no damage.
You hit the necrophage.
The necrophage is heavily damaged.
The necrophage barely misses you.
You closely miss the necrophage.
The necrophage is heavily damaged.
You slash the necrophage!
The necrophage is almost destroyed.
The necrophage hits you but does no damage.
You closely miss the necrophage.
The necrophage is almost destroyed.
You block the necrophage's attack.
You hit the necrophage but do no damage.
You punch the necrophage.
The necrophage is almost destroyed.
You block the necrophage's attack.
You barely miss the necrophage.
The necrophage is almost destroyed.
The necrophage hits you but does no damage.
You slash the necrophage!
You destroy the necrophage!
Your life force feels restored.
No target in view!
No target in view!
No target in view!
No target in view!
No target in view!
No target in view!
No target in view!
No target in view!
No target in view!
No target in view!
No target in view!
No target in view!
No target in view!
No target in view!
(D) Dungeon
Where to? (Enter - D:1 @ (x,y), ? - help) HP restored.
There is an open door, spattered with blood here.
You see here a +0 dagger.
There is a stone staircase leading up here.
You climb upwards.
There is a stone staircase leading down here.
There is an open door here.
There is an abandoned shop here.
You see here a +0 ring mail.
v - a +0 ring mail You start removing your armour.
You continue taking off your +0 robe. x4
You finish taking off your +0 robe.
You start putting on your armour.
You continue putting on your +0 ring mail. x5
You finish putting on your +0 ring mail.
You drop a +0 robe.
There is an open door here.
o - 13 poisoned darts (gained 3)
You open the door.
There is an open door here.
There is a stone staircase leading down here.
o - 19 poisoned darts (gained 6)
(D) Dungeon
Where to? (Enter - D:1 @ (x,y), ? - help)
Okay, then.
Done exploring.
Done exploring.
Done exploring.
(D) Dungeon
Where to? (Enter - D:1 @ (x,y), ? - help)
There is a stone staircase leading down here.
You climb downwards.
There is a stone staircase leading up here.
A bat is nearby!
A bat is nearby!
A rat comes into view.
The bat closely misses you.
You closely miss the bat. The bat hits you but does no damage.
The bat closely misses you. The bat barely misses you.
You slash the bat!
You kill the bat!
The rat bites you but does no damage.
You hit the rat.
The rat is severely wounded.
The rat barely misses you.
You barely miss the rat.
The rat is severely wounded.
The rat misses you.
You slash the rat!
You kill the rat!
No target in view!
No target in view!
No target in view!
A kobold comes into view. It is wielding a +0 dagger.
You see here a rat corpse.
A kobold is nearby!
An endoplasm comes into view.
Found a stone staircase leading down.
The kobold shouts!
The endoplasm jiggles.
You miss the kobold. The kobold hits you but does no damage.
You hit the endoplasm but do no damage. The kobold hits you but does no damage.
The endoplasm hits you but does no damage.
You slash the endoplasm!
You kill the endoplasm!
You block the kobold's attack.
You hit the kobold.
You kill the kobold!
No target in view!
No target in view!
No target in view!
No target in view!
No target in view!
No target in view!
No target in view!
No target in view!
No target in view!
No target in view!
d - 3 white potions (gained 1)
You see here a +0 dagger.
b - a scroll labelled IBYWKEONLU
b - 2 scrolls labelled IBYWKEONLU (gained 1)
There is a stone staircase leading down here.
Found a sacrificial altar of Ru.
A ball python comes into view.
A ball python is nearby!
The ball python hisses angrily.
You barely miss the ball python. The ball python closely misses you.
You block the ball python's attack.
You hit the ball python but do no damage.
The ball python barely misses you. You block the ball python's attack.
You hit the ball python.
You kill the ball python!
No target in view!
No target in view!
No target in view!
No target in view!
No target in view!
No target in view!
No target in view!
No target in view!
No target in view!
A giant cockroach comes into view.
A giant cockroach is nearby!
A giant cockroach is nearby!
A giant cockroach is nearby!
You hit the giant cockroach.
You kill the giant cockroach!
No target in view!
No target in view!
No target in view!
No target in view!
No target in view!
No target in view!
No target in view!
No target in view!
Done exploring.
Done exploring.
Done exploring.
No target in view!
No target in view!
No target in view!
(D) Dungeon
Where to? (Enter - D:2, ? - help)
There is a stone staircase leading down here.
You climb downwards.
Level annotation: exclusion: goblin, Terence
There is a stone staircase leading up here.
Partly explored, can't reach some items and places.
Partly explored, can't reach some items and places.
No target in view!
No target in view!
(D) Dungeon
Where to? (Enter - D:3, ? - help)
There is a stone staircase leading down here.
You climb downwards.
There is a stone staircase leading up here.
You climb upwards.
Level annotation: exclusion: goblin, Terence
There is a stone staircase leading down here.
Unknown command.
Unknown command.
Unknown command.
You climb downwards.
There is a stone staircase leading up here.
Found 3 stones.
An orc comes into view. It is wielding a +0 hand axe.
The orc shouts!
You hear a shout! x2; You hear an angry hiss.
An orc comes into view. It is wielding a +0 flail.
The orc shouts!
An orc comes into view.
It is wielding a +0 flail. 3 orcs come into view.
The orc shouts! x3; You hear a shout!
The orc moves out of view.
An orc comes into view. It is wielding a +0 mace.
The orc hits you but does no damage.
You barely miss the orc.
The orc shouts!
An adder comes into view.
An orc comes into view. It is wielding a +0 trident.
The orc barely misses you.
The adder hisses angrily.
You hit the orc but do no damage. The orc hits you but does no damage.
You barely miss the orc.
An orc comes into view. It is wielding a +0 club.
You block the orc's attack. The orc misses you.
You hit the orc.
The orc is heavily wounded.
The orc barely misses you. The orc hits you with a +0 hand axe.
The orc hits you but does no damage.
You barely miss the orc.
The orc is heavily wounded.
The orc misses you. The orc barely misses you. You block the orc's attack.
You barely miss the orc.
The orc is heavily wounded.
The orc hits you but does no damage. x3
You barely miss the orc.
The orc is heavily wounded.
The orc closely misses you. x2; The orc hits you but does no damage.
You completely miss the orc.
The orc is heavily wounded.
The orc hits you with a +0 club. The orc hits you but does no damage.
The orc closely misses you.
You hit the orc but do no damage.
The orc is heavily wounded.
The orc hits you with a +0 club. The orc barely misses you. x2
You hit the orc but do no damage.
The orc is heavily wounded.
The orc hits you but does no damage. The orc barely misses you.
You block the orc's attack. The orc hits you but does no damage.
The orc misses you.
You barely miss the orc.
The orc is heavily wounded.
The orc hits you but does no damage. The orc closely misses you. x2
The orc misses you. The orc hits you but does no damage.
The orc hits you with a +0 short sword.
You slash the orc!
You kill the orc!
The orc barely misses you. x2; The orc hits you but does no damage.
You hit the orc but do no damage.
The orc hits you from afar with a +0 trident.
The orc closely misses you. The orc misses you.
The orc hits you but does no damage. You block the orc's attack.
You completely miss the orc. The orc barely misses you.
The orc closely misses you. x2; The orc barely misses you.
You block the orc's attack. The orc barely misses you.
You hit the orc but do no damage. The orc misses you.
The orc closely misses you. x2; The orc hits you but does no damage. x2
The orc hits you with a +0 short sword.
You closely miss the orc. You block the orc's attack. x2
The orc hits you but does no damage. x2; The orc barely misses you.
The orc hits you but does no damage.
You hit the orc.
The orc is severely wounded.
You block the orc's attack. The orc barely misses you. x2
The orc closely misses you. The orc hits you but does no damage.
The orc closely misses you.
You hit the orc.
You kill the orc!
The orc hits you from afar with a +0 trident.
You block the orc's attack. The orc closely misses you. The orc misses you.
The orc hits you but does no damage.
You hit the adder.
The adder is moderately wounded.
The adder closely misses you. The adder bites you but does no damage.
You block the orc's attack. The orc closely misses you.
The orc hits you but does no damage. The orc closely misses you.
The orc barely misses you.
You hit the adder.
The adder is severely wounded.
You block the adder's attack. The orc hits you but does no damage. x4
The orc misses you.
You barely miss the adder.
The adder is severely wounded.
The adder barely misses you. The orc hits you but does no damage.
The orc barely misses you. The orc hits you but does no damage.
The orc barely misses you. The orc hits you with a +0 short sword.
The orc attacks as you move away! The orc hits you but does no damage.
The orc completely misses you. The adder barely misses you.
The adder attacks as you move away! The adder barely misses you.
The orc hits you but does no damage. The orc attacks as you move away!
The orc hits you but does no damage. The orc hits you but does no damage.
The adder bites you but does no damage. The orc attacks as you move away!
The orc hits you but does no damage. The adder attacks as you move away!
The adder bites you but does no damage. The orc attacks as you move away!
The orc misses you. The orc attacks as you move away!
The orc barely misses you. The adder bites you but does no damage.
The adder attacks as you move away! The adder barely misses you.
The adder attacks as you move away! The adder bites you.
The adder bites you but does no damage.
You barely miss the adder.
The adder is heavily wounded.
The adder misses you. The orc barely misses you.
You closely miss the adder.
The adder is heavily wounded.
The adder barely misses you.
The orc hits you from afar with a +0 trident.
You hit the adder.
The adder is heavily wounded.
The adder bites you but does no damage.
You hit the adder.
You kill the adder!
The orc misses you. The orc misses you.
You closely miss the orc. The orc hits you but does no damage.
You slash the orc!
You kill the orc!
You hit the orc but do no damage. You punch the orc.
The orc is lightly wounded.
The orc barely misses you.
You hit the orc but do no damage.
The orc is lightly wounded.
The orc closely misses you.
You hit the orc but do no damage.
The orc is lightly wounded.
The orc hits you but does no damage.
You slash the orc!
You kill the orc!
You barely miss the orc. The orc barely misses you.
You hit the orc.
The orc is moderately wounded.
The orc completely misses you.
You hit the orc.
You kill the orc!
You hit the orc.
The orc is severely wounded.
The orc hits you but does no damage.
You slash the orc!
You kill the orc!
You hit the orc.
The orc is severely wounded.
The orc hits you but does no damage.
You barely miss the orc. You punch the orc, but do no damage.
The orc is severely wounded.
You block the orc's attack.
You slash the orc!
You kill the orc!
You hit the orc.
The orc is moderately wounded.
The orc hits you but does no damage.
You closely miss the orc.
The orc is moderately wounded.
The orc hits you but does no damage.
You hit the orc.
The orc is heavily wounded.
You block the orc's attack.
You slash the orc!
You kill the orc!
You closely miss the orc. Your punch misses the orc. The orc barely misses you.
You closely miss the orc. The orc closely misses you.
You closely miss the orc. The orc hits you but does no damage.
You slash the orc!
You kill the orc!
No target in view!
No target in view!
No target in view!
No target in view!
No target in view!
No target in view!
No target in view!
No target in view!
No target in view!
No target in view!
No target in view!
No target in view!
No target in view!
No target in view!
HP restored.
Items here: ))))))) [[[ ††.
Found a stone staircase leading down.
Things that are here:
a +0 club; a +0 leather armour; an orc corpse
There is a stone staircase leading down here. 2 goblins come into view.
The goblin shouts!
A goblin comes into view. It is wielding a +0 club.
A hobgoblin comes into view.
The goblin moves out of view.
There are monsters nearby!
There are monsters nearby! 5 goblins come into view.
The goblin shouts! x2; The hobgoblin shouts!
The goblin shouts! x2
A goblin comes into view. It is wielding a +0 dagger.
A goblin comes into view. It is wielding a +0 club.
Robin of the Strong Arm comes into view.
They are wielding a +0 club.
The goblin moves out of view. x2
The goblin shouts!
You hear a shout!
Robin throws the goblin at you!
The goblin shouts!
You hit the goblin.
You kill the goblin!
Robin roars a battlecry!
The goblins go into a battle-frenzy!
Robin throws the goblin at you!
You see here a +0 club.
The goblin attacks as you move away! The goblin hits you with a +0 dagger.
The goblin attacks as you move away! You block the goblin's attack.
You hit the goblin.
The goblin is severely wounded.
The goblin misses you.
You barely miss the goblin.
The goblin is severely wounded.
The goblin hits you but does no damage.
You slash the goblin!
You kill the goblin!
You barely miss the goblin. You block the goblin's attack.
You hit the goblin.
You kill the goblin!
You hit the goblin.
You kill the goblin!
The goblin no longer looks unusually strong.
The goblin hits you but does no damage.
Items here: ))) †.
You hit the goblin.
You kill the goblin!
You closely miss the goblin. The goblin hits you but does no damage.
Robin throws the goblin at you!
You completely miss the goblin.
The goblin hits you but does no damage. x2
You hit the goblin.
You kill the goblin!
The hobgoblin no longer looks unusually strong.
The goblin misses you.
You hit the goblin but do no damage. The goblin hits you but does no damage.
You miss the goblin.
The goblin no longer looks unusually strong.
The goblin closely misses you.
You slash the goblin!
You kill the goblin!
The goblin no longer looks unusually strong.
You slash the goblin!
You kill the goblin!
Robin throws the goblin at you!
You hit the goblin.
You kill the goblin!
You block the goblin's attack.
Robin roars a battlecry!
The goblins go into a battle-frenzy!
You slash the goblin!
You kill the goblin!
You hit the hobgoblin.
The hobgoblin is heavily wounded.
The hobgoblin closely misses you.
You barely miss the hobgoblin.
The hobgoblin is heavily wounded.
The hobgoblin hits you but does no damage.
You slash the hobgoblin!
You kill the hobgoblin!
You closely miss Robin. Robin closely misses you.
You slash Robin!
Robin is heavily wounded.
Robin hits you with a +0 club.
You hit Robin.
Robin is severely wounded.
Robin closely misses you.
You hit Robin.
Robin is almost dead.
You block Robin's attack.
You hit Robin.
You kill Robin!
No target in view!
No target in view!
No target in view!
No target in view!
No target in view!
No target in view!
No target in view!
No target in view!
No target in view!
No target in view!
No target in view!
No target in view!
No target in view!
No target in view!
No target in view!
No target in view!
No target in view!
Press: ? - help, v - describe, . - travel, g - get item
Items here: ))))) [[ †.
The floor.
Items here: ))))) [[ †.
w - a +2 helmet You start removing your armour.
You continue taking off your +0 helmet. x4
You finish taking off your +0 helmet.
You start putting on your armour.
You continue putting on your +2 helmet. x5
You finish putting on your +2 helmet.
You drop a +0 helmet.
Items here: ))) †.
Things that are here:
a +0 dagger; a +0 dagger; a goblin corpse A kobold comes into view.
It is wielding a +3 short sword.
The kobold shouts!
The kobold throws a stone.
The stone hits you but does no damage.
A kobold is nearby!
A kobold is nearby!
A kobold is nearby!
The kobold throws a stone.
You block the stone. The kobold hits you but does no damage.
You hit the kobold.
You kill the kobold!
No target in view!
No target in view!
No target in view!
No target in view!
No target in view!
No target in view!
No target in view!
Things that are here:
a +3 short sword; 4 stones
Things that are here:
a +0 dagger; a +0 dagger; a goblin corpse
Items here: ))) †.
Items here: ))))) [[ †.
You see here a +0 club.
Found a stone staircase leading down.
A goblin comes into view. It is wielding a +0 dagger.
The goblin unwields a +0 dagger.
The goblin wields a +0 sling.
The goblin shoots a sling bullet.
The sling bullet hits you.
Found a stone staircase leading up.
A black bear comes into view.
The black bear growls angrily.
The goblin shoots a sling bullet.
The sling bullet hits you but does no damage.
The goblin shoots a sling bullet.
The sling bullet closely misses you.
The goblin unwields a +0 sling.
The goblin wields a +0 dagger.
The goblin barely misses you.
You hit the black bear.
The black bear is lightly wounded.
You block the goblin's attack. The black bear completely misses you.
The black bear claws you but does no damage. x2
You closely miss the black bear.
The black bear is lightly wounded.
The goblin closely misses you. The black bear bites you.
The black bear claws you but does no damage. x2
You hit the black bear.
The black bear is lightly wounded.
The goblin closely misses you. The black bear barely misses you.
The black bear claws you but does no damage. x2
You barely miss the black bear.
The black bear is lightly wounded.
The goblin completely misses you.
You hit the black bear but do no damage.
The black bear is lightly wounded.
The black bear bites you but does no damage.
The black bear claws you but does no damage. x2
The goblin hits you but does no damage.
You barely miss the black bear.
The black bear is lightly wounded.
The black bear closely misses you.
The black bear claws you but does no damage.
The black bear claws you. The goblin hits you but does no damage.
You hit the black bear.
The black bear is moderately wounded.
The black bear closely misses you. x3; The goblin hits you with a +0 dagger.
You hit the black bear.
The black bear is heavily wounded.
The black bear bites you but does no damage.
The black bear claws you but does no damage. x2
The goblin hits you but does no damage.
You hit the black bear.
The black bear is severely wounded.
The black bear bites you but does no damage.
The black bear closely misses you. You block the black bear's attack.
The goblin closely misses you.
You slash the black bear!
You kill the black bear!
You block the goblin's attack.
Your Long Blades skill increases to level 7!
You hit the goblin.
You kill the goblin!
No target in view!
No target in view!
No target in view!
No target in view!
d - 4 white potions (gained 1)
Found a stone staircase leading down.
Found a flail.
There is a stone staircase leading down here.
Found a sacrificial altar of Ru.
You see here a +0 flail.
An endoplasm comes into view.
An endoplasm is nearby!
A lemure comes into view.
The lemure shouts!
You hear a shout! x2
The endoplasm freezes you.
You are frozen.
A lemure comes into view.
The lemure moves out of view.
Pikel, Merchant of Souls comes into view.
He is wielding a +1 whip of electrocution and carrying a wand of roots (7).
Pikel shouts!
You hit the endoplasm.
The endoplasm is almost dead.
A lemure comes into view.
The endoplasm freezes you.
You are frozen.
You hit the endoplasm.
You kill the endoplasm!
The lemure closely misses you.
You closely miss the lemure.
Pikel says, "I touched Geryon's horn once."
The lemure misses you.
You closely miss Pikel. You block Pikel's attack.
A lemure comes into view.
You miss Pikel. You hit Pikel but do no damage.
Pikel hits you but does no damage. The lemure hits you but does no damage.
You hit Pikel but do no damage. Pikel completely misses you.
The lemure hits you but does no damage. The lemure misses you.
You hit Pikel.
Pikel is lightly wounded.
Pikel zaps a wand.
The roots erupt in riotous growth!
The grasping roots grab you!
Pikel is unaffected.
The lemure is unaffected. x2
The grasping roots constrict you. The lemure barely misses you.
The lemure hits you.
There are monsters nearby!
There are monsters nearby!
You barely miss Pikel.
Pikel is lightly wounded.
Pikel hits you with a +1 whip of electrocution.
You are electrocuted!
* * * LOW HITPOINT WARNING * * *
The grasping roots constrict you.
* * * LOW HITPOINT WARNING * * *
The lemure hits you but does no damage. The lemure closely misses you.
You escape the roots grasp.
The lemure attacks as you move away! The lemure hits you but does no damage.
A kobold comes into view. It is wielding a +0 whip.
Pikel attacks as you move away!
Pikel hits you with a +1 whip of electrocution.
* * * LOW HITPOINT WARNING * * *
Pikel zaps a wand.
The roots erupt in riotous growth!
The grasping roots grab you! The grasping roots constrict you.
* * * LOW HITPOINT WARNING * * *
You escape the roots grasp.
Pikel zaps a wand.
The roots erupt in riotous growth!
The grasping roots grab you! The grasping roots constrict you.
* * * LOW HITPOINT WARNING * * *
The roots grasp on you weakens, but your attempt to escape fails.
The grasping roots constrict you.
You escape the roots grasp.
Items here: ))))))) [[[ ÷÷.
Pikel zaps a wand.
The roots erupt in riotous growth!
The grasping roots grab you! The grasping roots constrict you!
You die...

....................#....#
.....##.##.#..##.#.#####.##
..#####.##.#..##.#)####...# ..#
#.#.....##.#........# ..#
#.#..#..##.######...# ####
.######.#........# #...# ##.#>
.#............#########...###....
.#.....##.#...####...5.......#.#.
##..#.....#.....@)...K.5.)...(...
#.....####.######....5.5)...#.#.
##.....# #.# ######.K.###....
.####### #.# #...# ##.#. .# #<#
#5..# ##.. .##########.# #...#
#.# ..........#.# #.5.# #.#
.##..####.#.# ##K######..
.##..##.....# #......####


You could see Pikel and 3 lemures.

Vanquished Creatures
  A black bear (D:4)
  2 scorpions (D:4)
  A necrophage (D:2)
  An orc priest (D:4)
  An orc wizard (D:4)
  Robin (D:4)
  A gnoll (D:1)
  6 adders
  A dart slug (D:1)
  A worm (D:3)
  10 orcs (D:4)
  5 ball pythons
  2 endoplasms
  2 giant cockroaches
  18 goblins
  8 hobgoblins
  8 jackals
  A quokka (D:1)
  7 bats
  2 frilled lizards (D:1)
  6 kobolds
  9 rats
94 creatures vanquished.

Notes
Turn   | Place    | Note
-------+----------+-------------------------------------------
     0 | D:1      | sleeves the Demonspawn Monk began the quest for the Orb.
     0 | D:1      | Reached XP level 1. HP: 18/18 MP: 1/1
    88 | D:1      | Found a faded altar of an unknown god.
   192 | D:1      | Reached skill level 3 in Long Blades
   192 | D:1      | Gained mutation: A meltable shield of frost defends you.
                  | (SH +4) [demonic ancestry]
   192 | D:1      | Reached XP level 2. HP: 16/24 MP: 2/2
   242 | D:1      | HP: 9/24 [quokka (5)]
   244 | D:1      | HP: 3/24 [quokka (3)]
   530 | D:1      | Found Legh's General Store.
   899 | D:1      | Gained mutation: A meltable icy envelope protects you from
                  | harm. (AC +8) [demonic ancestry]
   899 | D:1      | Reached XP level 3. HP: 29/29 MP: 3/3
  1205 | D:2      | Reached skill level 4 in Long Blades
  1299 | D:2      | HP: 14/29 [poisoned by an adder]
  1441 | D:2      | Noticed a necrophage
  1583 | D:3      | Reached XP level 4. HP: 29/35 MP: 4/4
  1833 | D:3      | Noticed Terence
  1973 | D:3      | Found a blossoming altar of Fedhas.
  2615 | D:4      | Reached skill level 5 in Long Blades
  2640 | D:4      | Noticed a scorpion
  2650 | D:4      | Killed a scorpion
  2651 | D:4      | Gained mutation: A meltable icy envelope protects you from
                  | harm. (AC +8) [demonic ancestry]
  2651 | D:4      | Reached XP level 5. HP: 22/41 MP: 5/5
  2653 | D:4      | HP: 20/41 [poisoned by a scorpion]
  2786 | D:4      | HP: 18/41 [orc priest/nerve-wracking pain (8)]
  2799 | D:4      | HP: 16/41 [orc wizard/+0 dagger (4)]
  2806 | D:4      | HP: 15/41 [something (1)]
  2978 | D:4      | Reached skill level 6 in Long Blades
  2978 | D:4      | Reached XP level 6. HP: 40/47 MP: 6/6
  3383 | D:2      | Found a sacrificial altar of Ru.
  3623 | D:4      | Noticed Robin
  3658 | D:4      | Killed Robin
  3737 | D:4      | Reached skill level 7 in Long Blades
  3812 | D:4      | Found a sacrificial altar of Ru.
  3874 | D:4      | Noticed Pikel
  3883 | D:4      | HP: 17/47 [Pikel/+1 whip of electrocution (15)]
  3890 | D:4      | HP: 5/47 [constriction (5)]
  3897 | D:4      | Constricted to death by Pikel

Illustrated notes

Levels and vault maps discovered:
D:1:      amcnicky_arrival_abandoned_market, layout_basic, serial_shops,
          nicolae_shop_behind_doors, hellmonk_ecumenical_altar_arch_garden
D:2:      layout_basic, basic_altar
D:3:      layout_basic, mainiacjoe_overflow_alcove_4, uniq_terence
D:4:      layout_loops_cross, lemuel_coloured_pillars_altar, serial_shops,
          shop_fountains, grunt_ministairs_2, st_stairs_8, uniq_pikel,
          uniq_robin

Skill      XL: |  1  2  3  4  5  6 |
---------------+-------------------+-----
Long Blades    | 3 4 5 6 7 |  7.2
Fighting       | |  3.0
Dodging        | |  2.6
Stealth        | |  1.7

Action                   |  1- 3 |  4- 6 || total
-------------------------+-------+-------++-------
Melee: Falchion          |   111 |   250 ||   361
       Punch             |     1 |     6 ||     7
  Use: Potion            |       |     1 ||     1
 Stab: Sleeping          |     2 |     1 ||     3
Armor: Robe              |    29 |    51 ||    80
       Ring mail         |       |    86 ||    86
Dodge: Dodged            |    69 |   163 ||   232
Block: Other             |    26 |    47 ||    73

Table legend: (Time is in decaauts)
 A = Elapsed time spent in this place.
 B = Non-inter-level travel time spent in this place.
 C = Inter-level travel time spent in this place.
 D = Time resting spent in this place.
 E = Time spent auto-exploring this place.
 F = Levels seen in this place.
 G = Mean time per level.
                   A        B        C        D        E       F      G
               +--------+--------+--------+--------+--------+-----+--------+
         Total |   3915 |   3628 |    287 |     77 |   2691 |   4 |  978.8 |
       Dungeon |   3915 |   3628 |    287 |     77 |   2691 |   4 |  978.8 |
               +--------+--------+--------+--------+--------+-----+--------+

Top non-repeatable levels by time:
     D:1: 1442 daAuts
     D:3: 979 daAuts
     D:4: 917 daAuts
     D:2: 575 daAuts
